 Dungeon Crawl Stone Soup version 0.29-a0-885-gb26ba3297d (webtiles) character file.

Game seed: 10139566277302343428

2578 Hubris850 the Basher (level 9, 0/81 HPs)
             Began as an Ogre Hedge Wizard on July 20, 2022.
             Was an Initiate of Gozag.
             Constricted to death by Pikel (4 damage)
             ... on level 7 of the Dungeon.
             The game lasted 00:21:35 (8850 turns).

Hubris850 the Basher (Ogre Hedge Wizard)            Turns: 8850, Time: 00:21:35

Health: 0/81       AC:  6    Str: 24    XL:     9   Next: 57%
Magic:  14/14      EV: 10    Int: 17    God:    Gozag
Gold:   520        SH:  5    Dex:  8    Spells: 10/15 levels left

rFire   . . .      SeeInvis .   I - +1 giant spiked club (vamp)
rCold   . . .      Faith    .   (shield currently unavailable)
rNeg    . . .      Spirit   .   b - +0 robe
rPois   .          Reflect  +   c - +0 hat
rElec   .          Harm     .   H - +2 cloak
rCorr   .          Rampage  .   (gloves unavailable)
Will    .....                   (boots unavailable)
Stlth   +.........              r - amulet of reflection
HPRegen 0.23/turn               t - +6 ring of strength
MPRegen 0.14/turn               x - +4 ring of evasion

@: grasped by roots, constricted
A: large, unfitting armour, tough skin 1
a: Renounce Religion, Potion Petition, Call Merchant, Bribe Branch


You were on level 7 of the Dungeon.
You worshipped Gozag.
Gozag was pleased with you.
You visited 1 branch of the dungeon, and saw 7 of its levels.
You also visited: Ossuary.

You collected 822 gold pieces.
You spent 157 gold pieces at shops.
You paid 145 gold pieces to Gozag.

Inventory:

Hand Weapons
 a - a +0 dagger
 h - a +0 arbalest
 i - a +0 club
 n - a +0 whip
 s - a +1 giant club
 w - a +0 battleaxe
 D - the +4 mace "Quucwejuk" {speed, Stlth+}
   (You found it on level 5 of the Dungeon)

   Attacks with this weapon are significantly faster.
   Stlth:     It makes you more stealthy.
 I - a +1 vampiric giant spiked club (weapon)
Missiles
 f - 2 throwing nets
 z - 3 curare-tipped darts
 E - 2 large rocks
 F - 2 poisoned darts
Armour
 b - a +0 robe (worn)
 c - a +0 hat (worn)
 H - a +2 cloak (worn)
Jewellery
 q - a ring of positive energy
 r - an amulet of reflection (around neck)
 t - a +6 ring of strength (left hand)
 v - a ring of magical power
 x - a +4 ring of evasion (right hand)
 y - a +4 ring of slaying
Wands
 B - a wand of mindburst (5)
Scrolls
 g - a scroll of teleportation
 j - a scroll of summoning
 o - a scroll of torment
 p - 4 scrolls of amnesia
 A - 3 scrolls of identify
 G - a scroll of enchant armour
Potions
 d - a potion of magic
 e - 3 potions of flight
 k - a potion of berserk rage {unknown}
 l - 4 potions of cancellation
 m - 3 potions of haste
 u - 6 potions of curing
 C - a potion of heal wounds


   Skills:
 - Level 3.0 Fighting
 + Level 10.6 Maces & Flails
 + Level 3.6 Throwing
 - Level 1.9 Dodging
 - Level 1.5 Stealth
 - Level 3.7 Spellcasting
 - Level 1.1 Conjurations
 - Level 1.1 Summonings
 - Level 1.1 Translocations


You had 10 spell levels left.
You knew the following spells:

 Your Spells              Type           Power      Damage    Failure   Level
a - Magic Dart            Conj           24%        1d4       11%         1
b - Blink                 Tloc           12%        N/A       16%         2
c - Call Imp              Summ           6%         N/A       16%         2

Your spell library contained the following spells:

 Spells                   Type           Power      Damage    Failure   Level
 Foxfire                  Conj/Fire      20%        2x1d5     13%         1
 Slow                     Hex            12%        N/A       16%         1
 Conjure Flame            Conj/Fire      5%         6-21      36%         3
 Stone Arrow              Conj/Erth      10%        3d7       36%         3
 Mephitic Cloud           Conj/Pois/Air  4%         N/A       38%         3
 Frozen Ramparts          Ice            6%         1d2       43%         3
 Ignite Poison            Fire/Tmut/Pois 3%         N/A       43%         3
 Inner Flame              Hex/Fire       3%         N/A       43%         3
 Flame Wave               Conj/Fire      5%         2d5       78%         4
 Ice Form                 Ice/Tmut       3%         N/A       85%         4
 Freezing Cloud           Conj/Ice/Air   2%         6-21      98%         5
 Iron Shot                Conj/Erth      2%         9d2       100%        6


Dungeon Overview and Level Annotations

Branches:
Dungeon (7/15)             Temple (0/1) D:4         Ossuary (visited)

Altars:
Cheibriados
Dithmenos
Elyvilon
Gozag
Hepliaklqana
Okawaru
Qazlal
Sif Muna
Uskayaw
Zin

Shops:
D:1 =   D:4 [(

Annotations:
D:7 Pikel


Innate Abilities, Weirdness & Mutations

You are too large for most types of armour.
You have tough skin. (AC +1)


Message History

Aiming: Mindburst
Press: ? - help, Shift-Dir - straight line, f - Pikel
Aim: Pikel, wielding a +1 whip of freezing, wearing a +0 robe and carrying a wand of roots (10) (chance to affect: 64%) Pikel's mind is blasted!
Pikel hits you with a +1 whip of freezing.
* * * LOW HITPOINT WARNING * * *
Pikel freezes you.
* * * LOW HITPOINT WARNING * * *
The grasping roots constrict you.
* * * LOW HITPOINT WARNING * * *
Aiming: Mindburst
Press: ? - help, Shift-Dir - straight line, f/p - Pikel
Aim: Pikel, wielding a +1 whip of freezing, wearing a +0 robe and carrying a wand of roots (10) (lightly wounded, chance to affect: 64%)
Okay, then.
Aiming: Mindburst
Press: ? - help, Shift-Dir - straight line, f/p - Pikel
Aim: Pikel, wielding a +1 whip of freezing, wearing a +0 robe and carrying a wand of roots (10) (lightly wounded, chance to affect: 64%) Pikel's mind is blasted!
Pikel hits you with a +1 whip of freezing.
* * * LOW HITPOINT WARNING * * *
Pikel freezes you.
* * * LOW HITPOINT WARNING * * *
The grasping roots constrict you.
* * * LOW HITPOINT WARNING * * *
Unknown command.
Aiming: Mindburst
Press: ? - help, Shift-Dir - straight line, f/p - Pikel
Aim: Pikel, wielding a +1 whip of freezing, wearing a +0 robe and carrying a wand of roots (10) (heavily wounded, chance to affect: 64%) Pikel struggles to resist.
You block Pikel's attack. The grasping roots constrict you.
* * * LOW HITPOINT WARNING * * *
The grasping roots release their grip on you.
Aiming: Mindburst
Press: ? - help, Shift-Dir - straight line, f/p - Pikel
Aim: Pikel, wielding a +1 whip of freezing, wearing a +0 robe and carrying a wand of roots (10) (heavily wounded, chance to affect: 64%) Pikel's mind is blasted!
Pikel zaps a wand.
The roots erupt in riotous growth!
The grasping roots grab you!
Pikel is unaffected.
The grasping roots constrict you.
You die...
Your body crumbles into a pile of gold.

#. #.# #. #.# #.##.##
#.....
.#####...####.#
..............#
$.####...<#####
........<)...########
.####......).@K......
#....###.########
#..).# #... #....#
##### #....# ......#
....#..# #..ยง##..#
##.# #..#


You could see Pikel.

Vanquished Creatures
  The ghost of osoart the Covered, an amateur HOFi (D:3)
  2 steam dragons (D:7)
  Menkaure (D:5)
  2 water moccasins
  3 ogres
  A centaur (D:7)
  A phantom (D:5)
  A bullfrog (D:4)
  The ghost of BeAPotato the Digger, an amateur GrEE (D:4)
  3 necrophages
  2 scorpions (D:5)
  A wight (D:5)
  2 howler monkeys (D:7)
  5 centaur zombies (Ossuary)
  2 hounds
  7 human zombies (Ossuary)
  A gnoll bouda (D:7)
  An iron imp (D:6)
  3 iguanas (D:5)
  Terence (D:2)
  An orc wizard (D:5)
  3 mummies (Ossuary)
  7 gnolls
  7 adders
  A shadow imp (D:5)
  A white imp (D:6)
  A worm zombie (D:5)
  2 worms
  A dart slug (D:3)
  7 orcs (D:4)
  6 ball pythons
  6 endoplasms
  5 giant cockroaches
  7 goblins
  10 hobgoblins
  6 kobolds
  3 quokkas
  5 bats
  3 frilled lizards (D:3)
  5 rats
128 creatures vanquished.

Vanquished Creatures (others)
  An adder (D:4)
1 creature vanquished.

Grand Total: 129 creatures vanquished

Notes
Turn   | Place    | Note
-------+----------+-------------------------------------------
     0 | D:1      | Hubris850 the Ogre Hedge Wizard began the quest for the
                  | Orb.
     0 | D:1      | Reached XP level 1. HP: 16/16 MP: 5/5
   284 | D:1      | Reached skill level 1 in Conjurations
   297 | D:1      | Reached skill level 1 in Summonings
   297 | D:1      | Reached skill level 1 in Translocations
   540 | D:1      | Found a faded altar of an unknown god.
   883 | D:1      | Reached XP level 2. HP: 24/24 MP: 3/6
  1285 | D:2      | Reached skill level 1 in Fighting
  1314 | D:2      | Noticed Terence
  1554 | D:1      | Found Caakukky's Jewellery Shop.
  1692 | D:2      | You fall into a shaft and drop 1 floor!
  1704 | D:3      | Learned a level 2 spell: Blink
  1707 | D:3      | Learned a level 2 spell: Call Imp
  1737 | D:3      | Reached XP level 3. HP: 33/33 MP: 6/8
  1814 | D:3      | Reached skill level 1 in Maces & Flails
  1886 | D:3      | Found a shadowy altar of Dithmenos.
  1887 | D:3      | Noticed an ogre
  1922 | D:3      | Killed an ogre
  1923 | D:3      | Reached skill level 2 in Maces & Flails
  1923 | D:3      | Reached XP level 4. HP: 27/45 MP: 3/9
  2253 | D:3      | Reached XP level 5. HP: 53/53 MP: 8/10
  2660 | D:2      | Killed Terence
  2661 | D:2      | Reached skill level 3 in Maces & Flails
  3310 | D:3      | Found a large runed translucent door.
  3316 | D:4      | Found Xeoplen's Weapon Shoppe.
  3331 | D:5      | Entered Level 5 of the Dungeon
  3431 | D:5      | Reached skill level 4 in Maces & Flails
  3431 | D:5      | Reached XP level 6. HP: 12/56 MP: 11/11
  3802 | D:5      | Found a sand-covered staircase.
  3807 | Ossuary  | Entered an ossuary
  3897 | Ossuary  | Reached skill level 5 in Maces & Flails
  4061 | Ossuary  | Reached XP level 7. HP: 66/67 MP: 12/12
  4081 | Ossuary  | Reached skill level 6 in Maces & Flails
  4581 | D:5      | Reached skill level 7 in Maces & Flails
  4585 | D:5      | Reached XP level 8. HP: 54/75 MP: 13/13
  4854 | D:3      | Found a large runed translucent door.
  4861 | D:3      | Noticed osoart's ghost (amateur HOFi)
  4882 | D:3      | Killed osoart's ghost
  4883 | D:3      | Reached skill level 8 in Maces & Flails
  5108 | D:4      | Found a runed translucent door.
  5132 | D:4      | Noticed BeAPotato's ghost (amateur GrEE)
  5212 | D:4      | Found an opulent altar of Gozag.
  5216 | D:4      | Became a worshipper of Gozag Ym Sagoz the Greedy
  5290 | D:4      | Found a staircase to the Ecumenical Temple.
  5604 | D:4      | Found a white marble altar of Elyvilon.
  5604 | D:4      | Found a hide-covered altar of Uskayaw.
  5723 | D:4      | Found an iron altar of Okawaru.
  5860 | D:4      | Found Ichoeg's Antique Armour Shoppe.
  5886 | D:4      | Bought a runed cloak for 157 gold pieces
  6112 | D:4      | Killed BeAPotato's ghost
  6534 | D:5      | Identified the +4 mace "Quucwejuk" {speed, Stlth+}
  6688 | D:5      | Reached skill level 9 in Maces & Flails
  6695 | D:5      | Found a shimmering blue altar of Sif Muna.
  6883 | D:5      | Got Yloduk's Quarto of Damaging Rime
  7012 | D:5      | Noticed Menkaure
  7022 | D:5      | Killed Menkaure
  7289 | D:6      | Reached XP level 9. HP: 81/81 MP: 14/14
  7298 | D:6      | Found a glowing silver altar of Zin.
  7682 | D:6      | Found a stormy altar of Qazlal.
  7703 | D:6      | Found a hazy altar of Hepliaklqana.
  7750 | D:6      | Reached skill level 10 in Maces & Flails
  8334 | D:6      | Found a snail-covered altar of Cheibriados.
  8341 | D:6      | Reached skill level 1 in Throwing
  8838 | D:7      | Noticed Pikel
  8849 | D:7      | HP: 4/81 [constriction (5)]
  8850 | D:7      | Constricted to death by Pikel

Illustrated notes

Levels and vault maps discovered:
D:1:      psy_arrival_wood_between_worlds, layout_rooms,
          shapermc_ecumenical_altar_hornbeckon, serial_curves, eino_curves_01,
          eino_curves_03, serial_shops, nicolae_shop_hallway_plus,
          minmay_crystal_room
D:2:      layout_basic, uniq_terence
D:3:      layout_loops_ring, nicolae_dithmenos_the_darkroom,
          ebering_ghost_disaster_area
D:4:      layout_basic, mainiacjoe_overflow_six_doors_small,
          nicolae_overflow_hidden_temple, jmf_multi_god_temple,
          minmay_temple_entry_statues_fountains, serial_shops, shop,
          nicolae_stop_n_shop_2, ebering_ghost_sewer_d
D:5:      layout_loops_ring, tgw_sif, enter_ossuary_3, minmay_chambers_of_fives,
          uniq_menkaure
D:6:      layout_basic, slow_altar_2, old_standard_altar,
          mainiacjoe_overflow_catwalk_spiral, chequers_serial_rivers_small_3
D:7:      layout_loops_ring, minmay_misc_feat_square, uniq_pikel

Skill      XL: |  1  2  3  4  5  6  7  8  9 |
---------------+----------------------------+-----
Conjurations   | 1 |  1.1
Summonings     | 1 |  1.1
Translocations | 1 |  1.1
Fighting       | 1 3 |  3.0
Maces & Flails | 2 4 5 7 9 10 | 10.6
Throwing       | 3 |  3.6
Dodging        | |  1.9
Stealth        | |  1.5
Spellcasting   | |  3.7

Action                   |  1- 3 |  4- 6 |  7- 9 || total
-------------------------+-------+-------+-------++-------
Melee: Dagger            |    59 |       |       ||    59
       Club              |    17 |       |       ||    17
       Punch             |     1 |       |       ||     1
       Whip              |     7 |       |       ||     7
       Giant club        |       |    85 |   171 ||   256
       Giant spiked club |       |       |    71 ||    71
Throw: Large rock        |       |     2 |     2 ||     4
       Dart              |       |     1 |     2 ||     3
 Cast: Magic Dart        |    41 |    24 |    27 ||    92
       Call Imp          |       |     1 |     2 ||     3
Evoke: Wand              |       |       |     5 ||     5
  Use: Scroll            |       |     2 |    10 ||    12
       Potion            |       |       |     7 ||     7
 Stab: Invisible         |       |       |     2 ||     2
       Sleeping          |       |       |     2 ||     2
       Distracted        |       |       |     1 ||     1
Armor: Robe              |    26 |    18 |    57 ||   101
Dodge: Dodged            |    34 |    34 |   112 ||   180
Block: Other             |     1 |    13 |    64 ||    78
       Reflection        |       |     1 |     5 ||     6

Table legend: (Time is in decaauts)
 A = Elapsed time spent in this place.
 B = Non-inter-level travel time spent in this place.
 C = Inter-level travel time spent in this place.
 D = Time resting spent in this place.
 E = Time spent auto-exploring this place.
 F = Levels seen in this place.
 G = Mean time per level.
                   A        B        C        D        E       F      G
               +--------+--------+--------+--------+--------+-----+--------+
         Total |   8952 |   8765 |    187 |   2133 |   4921 |   8 | 1119.0 |
       Dungeon |   8195 |   8008 |    187 |   1637 |   4921 |   7 | 1170.7 |
       Ossuary |    757 |    757 |      0 |    496 |      0 |   1 |  757.0 |
               +--------+--------+--------+--------+--------+-----+--------+

Top non-repeatable levels by time:
     D:6: 1709 daAuts
     D:1: 1648 daAuts
     D:5: 1598 daAuts
     D:4: 1127 daAuts
     D:3: 971 daAuts
     D:2: 962 daAuts
 Ossuary: 757 daAuts
     D:7: 177 daAuts
